 Dungeon Crawl Stone Soup version 0.28.0-45-g0d030f2227 (webtiles) character file.

Game seed: 14640703857578736986

442764 DearestLeader the Deadly Accurate (level 24, -2/191 (193) HPs)
             Began as a Gnoll Fighter on Apr 22, 2022.
             Was the Champion of Okawaru.
             Killed from afar by a deep elf high priest (21 damage)
             ... with damnation
             ... on level 3 of the Elven Halls.
             The game lasted 02:20:06 (62919 turns).

DearestLeader the Deadly Accurate (Gnoll Fighter)  Turns: 62919, Time: 02:20:06

HP:   -2/191 (193)  AC: 46    Str: 35    XL:     24   Next: 14%
MP:   39/42         EV: 13    Int:  6    God:    Okawaru [******]
Gold: 2136          SH: 20    Dex: 15    Spells: 29/54 levels left

rFire   . . .      SeeInvis .   f - +11 broad axe (vorpal)
rCold   + + .      Faith    .   z - +1 kite shield of Jujoch {Rampage Will+ Dex+2}
rNeg    + + .      Spirit   .   y - +11 crystal plate armour of the Cockroach {rC+ rN+ Int-2 Stlth+}
rPois   +          Reflect  +   O - +0 hat "Vicsy" {rElec rPois Str+2}
rElec   +          Harm     .   x - +2 cloak {Will+}
rCorr   .          Rampage  +   Q - +1 pair of gloves "Huphich" {rC+ rN+}
Will    +++..                   E - +2 pair of boots {Stlth+}
Stlth   +.........              e - amulet of Anarchy {Reflect Slay+3 SH+5}
HPRegen 0.41/turn               s - ring of Ymeig {Wiz rElec Str+4}
MPRegen 0.28/turn               U - ring of Zin's Condemnation {Str+3 Slay+4}

@: lethally poisoned (-2 -> -7), about to teleport, on blink cooldown, studying
2 skills, lightly drained
A: fangs 1, strong nose, distributed training
}: 2/15 runes: barnacled, gossamer
a: Renounce Religion, Heroism, Finesse, Duel


You were on level 3 of the Elven Halls.
You worshipped Okawaru.
Okawaru was exalted by your worship.
You visited 8 branches of the dungeon, and saw 39 of its levels.
You also visited: Bailey and Ice Cave.

You collected 4454 gold pieces.
You spent 2318 gold pieces at shops.

Inventory:

Hand Weapons
 f - a +11 vorpal broad axe (weapon)
 n - a +10 vorpal demon trident
Missiles
 b - 11 throwing nets
 C - 5 javelins (quivered)
Armour
 x - a +2 cloak of willpower (worn)
 y - the +11 crystal plate armour of the Cockroach (worn) {rC+ rN+ Int-2 Stlth+}
   (Okawaru gifted it to you on level 1 of the Vaults)

   Int:       It affects your intelligence (-2).
   rC:        It protects you from cold.
   rN:        It protects you from negative energy.
   Stlth:     It makes you more stealthy.
 z - the +1 kite shield of Jujoch (worn) {Rampage Will+ Dex+2}
   (You found it on level 3 of the Dungeon)

   Dex:       It affects your dexterity (+2).
   Rampage:   It bestows one free step when moving towards enemies.
   Will:      It increases your willpower.
 E - a +2 pair of boots of stealth (worn)
 O - the +0 hat "Vicsy" (worn) {rElec rPois Str+2}
   (Okawaru gifted it to you on level 1 of the Elven Halls)

   Str:       It affects your strength (+2).
   rElec:     It insulates you from electricity.
   rPois:     It protects you from poison.
 Q - the +1 pair of gloves "Huphich" (worn) {rC+ rN+}
   (You found it on level 4 of the Spider Nest)

   rC:        It protects you from cold.
   rN:        It protects you from negative energy.
 Z - a +2 cloak of poison resistance
Jewellery
 e - the amulet of Anarchy (around neck) {Reflect Slay+3 SH+5}
   (You found it on level 8 of the Dungeon)

   [amulet of reflection]

   It reflects blocked missile attacks.
   Slay:      It affects your accuracy & damage with ranged weapons and melee
   (+3).
   SH:        It affects your SH (+5).
 i - a ring of positive energy
 p - a ring of flight
 q - a ring of see invisible
 r - a ring of protection from fire
 s - the ring of Ymeig (left hand) {Wiz rElec Str+4}
   (You found it on level 2 of the Vaults)

   [ring of wizardry]

   It improves your spell success rate.
   Str:       It affects your strength (+4).
   rElec:     It insulates you from electricity.
 M - a +4 ring of evasion
 P - a ring of protection from fire
 U - the ring of Zin's Condemnation (right hand) {Str+3 Slay+4}
   (You found it on level 3 of the Vaults)

   [ring of slaying]

   Str:       It affects your strength (+3).
   Slay:      It affects your accuracy & damage with ranged weapons and melee
   (+4).
 X - a +6 ring of intelligence
Wands
 c - a wand of mindburst (5)
 h - a wand of digging (5)
 j - a wand of paralysis (4)
 k - a wand of iceblast (9)
 t - a wand of acid (3)
 D - a wand of polymorph (15)
 G - a wand of flame (56)
Scrolls
 a - 3 scrolls of enchant armour
 l - 11 scrolls of teleportation
 m - 4 scrolls of amnesia
 v - 9 scrolls of fog
 B - 3 scrolls of enchant weapon
 I - 8 scrolls of fear
 L - 2 scrolls of blinking
 N - 3 scrolls of magic mapping
 V - 2 scrolls of holy word
 W - a scroll of acquirement
Potions
 d - 4 potions of berserk rage
 g - 3 potions of invisibility
 o - 8 potions of mutation
 u - 4 potions of cancellation
 w - 3 potions of ambrosia
 A - 20 potions of curing
 F - 4 potions of haste
 H - 6 potions of magic
 J - 2 potions of brilliance
 K - 10 potions of flight
 R - 5 potions of might
 T - 3 potions of resistance
Miscellaneous
 S - a tin of tremorstones (2/2)


   Skills:
 + Level 16.9 Fighting
 + Level 15.7 Short Blades
 + Level 15.7 Long Blades
 + Level 16.3 Axes
 + Level 15.7 Maces & Flails
 + Level 15.7 Polearms
 + Level 15.7 Staves
 + Level 15.7 Slings
 + Level 15.7 Bows
 + Level 15.7 Crossbows
 + Level 18.1 Throwing
 + Level 16.9 Armour
 + Level 15.7 Dodging
 + Level 15.7 Stealth
 + Level 16.9 Shields
 + Level 15.7 Unarmed Combat
 + Level 15.7 Spellcasting
 + Level 13.4 Conjurations
 + Level 13.4 Hexes
 + Level 13.4 Summonings
 + Level 15.3 Necromancy
 + Level 13.4 Translocations
 + Level 13.4 Transmutations
 + Level 13.4 Fire Magic
 + Level 13.4 Ice Magic
 + Level 13.4 Air Magic
 + Level 13.4 Earth Magic
 + Level 13.4 Poison Magic
 + Level 17.1 Invocations
 + Level 15.7 Evocations


You had 29 spell levels left.
You knew the following spells:

 Your Spells              Type           Power      Damage    Failure   Level
a - Mephitic Cloud        Conj/Pois/Air  20%        N/A       1%          3
b - Inner Flame           Hex/Fire       20%        N/A       1%          3
c - Blink                 Tloc           40%        N/A       1%          2
d - Freezing Cloud        Conj/Ice/Air   10%        6-21      7%          5
e - Dispel Undead         Necr           23%        3d12      1%          4
f - Ozocubu's Armour      Ice            20%        N/A       1%          3
g - Borgnjor's Vile Clut  Necr/Erth      10%        N/A       4%          5

Your spell library contained the following spells:

 Spells                   Type           Power      Damage    Failure   Level
 Apportation              Tloc           40%        N/A       1%          1
 Foxfire                  Conj/Fire      80%        2x1d8     1%          1
 Pain                     Necr           92%        1d8       1%          1
 Sting                    Tmut/Pois      80%        1d7       1%          1
 Corpse Rot               Necr/Air       42%        N/A       1%          2
 Ensorcelled Hibernation  Hex/Ice        40%        N/A       1%          2
 Poisonous Vapours        Pois/Air       40%        N/A       1%          2
 Static Discharge         Conj/Air       20%        N/A       1%          2
 Confusing Touch          Hex            20%        N/A       1%          3
 Conjure Flame            Conj/Fire      20%        6-21      1%          3
 Dazzling Flash           Conj/Hex       40%        N/A       1%          3
 Ignite Poison            Fire/Tmut/Pois 20%        N/A       1%          3
 Lesser Beckoning         Tloc           20%        N/A       1%          3
 Portal Projectile        Hex/Tloc       40%        N/A       1%          3
 Spider Form              Tmut/Pois      20%        N/A       1%          3
 Anguish                  Hex/Necr       10%        N/A       1%          4
 Airstrike                Air            10%        N/A       2%          4
 Flame Wave               Conj/Fire      20%        2d7       2%          4
 Iskenderun's Mystic Bla  Conj/Tloc      20%        2d6       2%          4
 Petrify                  Tmut/Erth      20%        N/A       2%          4
 Excruciating Wounds      Necr           11%        N/A       3%          5
 Blade Hands              Tmut           10%        N/A       7%          5
 Lee's Rapid Deconstruct  Erth           10%        3d9*      7%          5
 Lightning Bolt           Conj/Air       10%        1d23      7%          5
 Manifold Assault         Tloc           20%        N/A       7%          5
 Metabolic Englaciation   Hex/Ice        10%        N/A       7%          5
 Yara's Violent Unravell  Hex/Tmut       10%        3d6       7%          5
 Starburst                Conj/Fire      10%        6d5       34%         6
 Statue Form              Tmut/Erth      13%        N/A       34%         6
 Enfeeble                 Hex            10%        N/A       87%         7
 Ozocubu's Refrigeration  Ice            10%        4d7       87%         7
 Lehudib's Crystal Spear  Conj/Erth      10%        10d4      100%        8
 Maxwell's Capacitive Co  Air            10%        ∞         100%        8
 Polar Vortex             Ice            10%        N/A       100%        9
 Animate Skeleton         Necr           Unusable   N/A       N/A         1
 Summon Small Mammal      Summ           Unusable   N/A       N/A         1
 Tukima's Dance           Hex            Unusable   N/A       N/A         3
 Summon Lightning Spire   Summ/Air       Unusable   N/A       N/A         4
 Death Channel            Necr           Unusable   N/A       N/A         6
 Simulacrum               Ice/Necr       Unusable   N/A       N/A         6

Dungeon Overview and Level Annotations

Branches:
Dungeon (15/15)            Temple (0/1) D:6            Lair (6/6) D:9
 Shoals (4/4) Lair:2       Spider (4/4) Lair:2        Slime (0/5) Lair:5
    Orc (2/2) D:10            Elf (3/3) Orc:2        Vaults (4/5) D:14
  Crypt (0/3) Vaults:3     Depths (1/4) D:15         Bailey (visited)
  IceCv (visited)

Altars:
Okawaru
Trog
Beogh
Jiyva

Shops:
Orc:1 [   Orc:2 *[*!   Elf:3 :   Shoals:1 *   Vaults:1 (=*

Portals:
Trove: D:11 (give +7 demon whip)

Annotations:
D:7 1 runed translucent door, hitsuchi's ghost, novice DEIE
Depths:1 Sojobo


Innate Abilities, Weirdness & Mutations

You have very sharp teeth.
Your uncanny sense of smell can sniff out nearby items.
Your experience applies equally to all skills.


Message History

Okay, then.
As you read the scroll of teleportation, it crumbles to dust.
You feel strangely unstable.
The deep elf annihilator casts a spell.
The deep elf annihilator blinks!
The deep elf annihilator casts a spell at you.
The bolt of lightning hits you. You resist.
* * * LOW HITPOINT WARNING * * *
The deep elf death mage casts a spell at you.
The bolt of negative energy hits you. You partially resist.
You feel drained.
* * * LOW HITPOINT WARNING * * *
Unknown command.
You feel better.
The deep elf death mage seems less brilliant.
The deep elf annihilator mumbles some strange words.
The deep elf annihilator blinks!
Casting: Freezing Cloud (mildly dangerous; 7% risk of failure)
Confirm with . or Enter, or press ? or * to list all spells.
You blink.
The deep elf high priest shouts!
The deep elf annihilator points at you and mumbles some strange words.
The poison arrow hits you but does no damage.
You are poisoned.
The deep elf annihilator mumbles some strange words.
The deep elf annihilator blinks!
The deep elf death mage barely misses you.
The deep elf high priest intones a terrible prayer.
The deep elf high priest mumbles some strange prayers to its god.
The deep elf high priest begins emitting a brilliant aura!
The deep elf death mage is empowered by the deep elf high priest's aura!
You block the deep elf blademaster's attack. x2
The deep elf high priest prays.
Casting: Blink (safe; 1% risk of failure)
Confirm with . or Enter, or press ? or * to list all spells.
You are still too unstable to blink.
Unknown command.
You feel sick.
The deep elf high priest invokes the aid of its god against you.
The sphere of damnation explodes!
The damnation engulfs you!!
You die...

#.... ##.......##
#...##.##...e.....###
#....##....e........##
#.....................
##...........(..e......
###...........ee42ee.....
#...e§.ee....###)###.....
#...ee.e.....##.§)..##
..e
...........@###.......###
.
...........##....12.....#
.....#.....##...........#
....#.#....##...........#
.....#.....##...........#
...........##...........#
.......##...........#
.....## ###.......###
##.....##


You could see a deep elf blademaster, 3 deep elf annihilators, a deep elf death
mage (empowered), a deep elf demonologist (empowered) and 3 deep elf high
priests.

Vanquished Creatures
  Mara (Vaults:4)
  Xtahua (Arena)
  A golden dragon (Vaults:4)
  Nikola (Elf:1)
  Jorgrun (D:14)
  Mlioglotl (Shoals:1)
  A lich (IceCv)
  A deep elf blademaster (Elf:2)
  A titan (Vaults:3)
  4 sphinxes
  A kraken (Shoals:1)
  A quicksilver dragon (Vaults:2)
  Frances (D:14)
  Agnes (D:14)
  Kirke (Lair:5)
  A revenant (Vaults:3)
  5 tengu reavers
  Roxanne (Elf:2)
  A storm dragon (Vaults:3)
  A nagaraja (Vaults:2)
  A fire giant (Vaults:3)
  The ghost of Omnilove the Bludgeoner, a journeyman MiBe of Trog (Shoals:4)
  2 emperor scorpions (Spider:4)
  An azure jelly (Shoals:2)
  6 frost giants
  2 iron dragons (Vaults:3)
  2 deep elf sorcerers
  19 vault wardens
  5 ghost moths
  Louise (Shoals:1)
  A deep elf elementalist (Elf:3)
  4 orc warlords
  A broodmother (Spider:3)
  7 very ugly things
  6 war gargoyles
  2 stone giants
  4 deep elf demonologists
  15 ironbound preservers
  A vampire knight (Vaults:3)
  9 ironbound thunderhulks
  8 dire elephants
  3 entropy weavers
  6 spark wasps
  4 ettins
  2 crystal guardians
  Snorg (D:13)
  9 merfolk impalers
  2 deep elf death magi
  3 fire dragons (D:15)
  9 yaktaur captains
  4 deep elf high priests
  19 vault guards
  4 great orbs of eyes (Vaults:4)
  14 hydras
  2 jorogumos
  Erica (Lair:2)
  10 centaur warriors
  3 boulder beetles
  A catoblepas (Lair:5)
  3 peacekeepers
  8 ironbound frosthearts
  3 ogre magi
  4 radroaches
  5 merfolk avatars
  26 dancing weapons
  2 satyrs
  A death knight (D:15)
  13 two-headed ogres
  An alligator snapping turtle (Shoals:4)
  2 merfolk aquamancers
  13 death yaks
  A deep troll earth mage (Vaults:2)
  A soul eater (Depths:1)
  Urug (D:11)
  22 deep elf knights
  An orc high priest (Orc:2)
  6 skeletal warriors
  3 sun demons
  15 sea snakes
  2 sun moths (Spider:3)
  4 pharaoh ants
  48 deep trolls
  A death drake (shapeshifter) (Vaults:4)
  13 deep elf archers
  7 steelbarb worms
  A swamp dragon (Vaults:2)
  5 bog bodies (IceCv)
  15 orb spiders
  A spriggan simulacrum (IceCv)
  2 phantasmal warriors
  2 swamp dragons (shapeshifter)
  A glowing orange brain (Vaults:1)
  9 wizards
  12 ironbound convokers
  A kraken simulacrum (Shoals:1)
  Pikel (D:4)
  An obsidian statue (IceCv)
  12 lindwurms
  13 orc knights
  2 necromancers
  3 orc sorcerers
  27 deep elf zephyrmancers
  30 harpies
  24 fauns
  16 wolf spiders
  17 manticores
  30 deep elf pyromancers
  43 ugly things
  An oklob plant (Lair:3)
  10 cyclopes
  3 moths of wrath
  9 merfolk sirens
  5 water nymphs
  4 black mambas
  2 smoke demons
  5 torpor snails
  14 vault sentinels
  20 elephants
  12 cane toads
  A gargoyle (D:14)
  An unseen horror (D:11)
  A spectral sea snake (Shoals:4)
  17 freezing wraiths
  29 yaktaurs
  A kobold demonologist (D:11)
  11 demonic crawlers
  10 komodo dragons
  2 anaconda simulacra (IceCv)
  2 rime drakes
  2 tengu conjurers (D:11)
  2 spectral merfolk (Shoals:4)
  9 hornets
  An entropy weaver simulacrum (IceCv)
  9 meliai
  2 golden dragon simulacra (IceCv)
  29 merfolk
  5 polar bears (Lair:6)
  A spectral harpy (Shoals:4)
  5 wind drakes
  A spectral manticore (Shoals:4)
  10 trolls
  Grinder (D:3)
  12 blink frogs
  14 snapping turtles
  18 tarantellas
  A human simulacrum (Vaults:4)
  46 slime creatures
  9 dream sheep
  Sigmund (D:3)
  2 air elementals
  29 jumping spiders
  A shadow (D:10)
  9 water elementals
  3 dire elephant simulacra (IceCv)
  33 yaks
  A vampire (D:9)
  14 spriggans (Lair:6)
  3 basilisks
  24 culicivoras
  3 wyverns
  2 hogs (Lair:5)
  3 wraiths
  Grum (D:8)
  2 alligator snapping turtle simulacra (Shoals:1)
  2 humans
  55 redbacks
  2 sea snake simulacra (Shoals:1)
  2 death yak simulacra (Shoals:1)
  A minotaur simulacrum (IceCv)
  Menkaure (D:6)
  6 harpy simulacra
  A warg (Orc:2)
  13 water moccasins
  A spectral snapping turtle (Shoals:4)
  Duvessa (D:6)
  An acid dragon (D:12)
  2 hydra simulacra (IceCv)
  39 orc warriors
  5 black bears
  4 alligator simulacra (IceCv)
  A hornet zombie (D:8)
  5 satyr simulacra (Shoals:1)
  23 wolves
  21 centaurs
  27 ogres
  5 boggarts
  A boggart (shapeshifter) (Vaults:2)
  A lemure (D:4)
  A phantom (D:5)
  A wind drake simulacrum (Shoals:4)
  2 earth elementals (Elf:3)
  14 bullfrogs
  2 gnoll sergeants
  A faun simulacrum (Shoals:1)
  A wyvern zombie (D:8)
  3 deep troll simulacra (IceCv)
  2 merfolk simulacra (Shoals:4)
  A water moccasin zombie (D:5)
  Dowan (D:6)
  5 lindwurm simulacra (IceCv)
  3 manticore simulacra
  A snapping turtle simulacrum (Shoals:1)
  8 killer bees (D:8)
  2 howler monkeys (D:12)
  8 wights
  An electric eel (Spider:4)
  8 centaur zombies
  A jelly (D:6)
  3 hounds
  A centaur skeleton (D:6)
  15 orc priests
  Crazy Yiuf (D:5)
  2 bullfrog skeletons (D:4)
  2 cyclops simulacra (Shoals:1)
  2 iguanas
  Natasha (thrice) (D:4)
  6 hell rats (Lair:6)
  18 orc wizards
  A centaur simulacrum (Shoals:1)
  A hound zombie (D:5)
  2 hound skeletons (D:5)
  Robin (D:3)
  18 gnolls
  7 adders
  A shadow imp (D:4)
  2 white imps
  2 ufetubi
  2 worms (D:3)
  95 orcs
  4 endoplasms
  3 giant cockroaches (D:3)
  19 goblins
  6 hobgoblins
  6 kobolds
  2 quokkas (D:3)
  4 ball pythons
  4 bats
  2 frilled lizards
  3 rats
  A bush (Lair:3)
  4 tentacles (Shoals:1)
1693 creatures vanquished.

Vanquished Creatures (collateral kills)
  An ironbound preserver (Vaults:3)
1 creature vanquished.

Vanquished Creatures (others)
  A lich (Vaults:3)
  A vault guard (Vaults:3)
  A merfolk avatar (Shoals:4)
  A dancing weapon (Elf:2)
  An orc high priest (Elf:1)
  A shadow wraith (Vaults:2)
  3 deep elf knights (Elf:2)
  A deep elf zephyrmancer (Elf:1)
  A deep elf pyromancer (Elf:2)
  An orc warrior (Elf:1)
  A centaur (D:13)
  34 fungi
  96 plants
  7 tentacles (Shoals:1)
150 creatures vanquished.

Grand Total: 1844 creatures vanquished

Notes
Turn   | Place    | Note
-------+----------+-------------------------------------------
     0 | D:1      | DearestLeader the Gnoll Fighter began the quest for the
                  | Orb.
     0 | D:1      | Reached XP level 1. HP: 23/23 MP: 1/1
   125 | D:1      | Found a faded altar of an unknown god.
   188 | D:1      | Reached XP level 2. HP: 23/29 MP: 2/2
   607 | D:2      | Identified the +3 long sword "Vahi" {antimagic, rC++ Will-
                  | Int+2}
   642 | D:2      | Found an iron altar of Okawaru.
   651 | D:2      | Became a worshipper of Warmaster Okawaru
  1499 | D:3      | Reached XP level 3. HP: 35/35 MP: 1/3
  1537 | D:3      | Noticed Sigmund
  1790 | D:3      | Killed Sigmund
  1790 | D:3      | Reached * piety under Okawaru
  1791 | D:3      | Reached skill level 1 in Short Blades
  1791 | D:3      | Reached skill level 1 in Long Blades
  1791 | D:3      | Reached skill level 1 in Maces & Flails
  1791 | D:3      | Reached skill level 1 in Polearms
  1791 | D:3      | Reached skill level 1 in Staves
  1791 | D:3      | Reached skill level 1 in Slings
  1791 | D:3      | Reached skill level 1 in Bows
  1791 | D:3      | Reached skill level 1 in Crossbows
  1791 | D:3      | Reached skill level 1 in Throwing
  1791 | D:3      | Reached skill level 1 in Dodging
  1791 | D:3      | Reached skill level 1 in Stealth
  1791 | D:3      | Reached skill level 1 in Unarmed Combat
  1791 | D:3      | Reached skill level 1 in Spellcasting
  1791 | D:3      | Reached skill level 1 in Conjurations
  1791 | D:3      | Reached skill level 1 in Hexes
  1791 | D:3      | Reached skill level 1 in Summonings
  1791 | D:3      | Reached skill level 1 in Necromancy
  1791 | D:3      | Reached skill level 1 in Translocations
  1791 | D:3      | Reached skill level 1 in Transmutations
  1791 | D:3      | Reached skill level 1 in Fire Magic
  1791 | D:3      | Reached skill level 1 in Ice Magic
  1791 | D:3      | Reached skill level 1 in Air Magic
  1791 | D:3      | Reached skill level 1 in Earth Magic
  1791 | D:3      | Reached skill level 1 in Poison Magic
  1791 | D:3      | Reached skill level 1 in Invocations
  1791 | D:3      | Reached skill level 1 in Evocations
  1791 | D:3      | Reached XP level 4. HP: 40/41 MP: 2/6
  1791 | D:3      | Reached XP level 5. HP: 46/47 MP: 2/7
  1909 | D:3      | Identified the +1 kite shield of Jujoch {Rampage Will+
                  | Dex+2}
  2177 | D:3      | Reached XP level 6. HP: 51/53 MP: 2/8
  2205 | D:3      | Noticed Grinder
  2222 | D:3      | Killed Grinder
  2222 | D:3      | Reached ** piety under Okawaru
  2223 | D:3      | Reached skill level 5 in Axes
  2223 | D:3      | Reached skill level 2 in Throwing
  2597 | D:4      | Reached XP level 7. HP: 30/59 MP: 3/10
  2755 | D:4      | Found a bloodstained altar of Trog.
  2865 | D:4      | Noticed Robin
  3031 | D:3      | Killed Robin
  3227 | D:4      | Noticed Pikel
  3241 | D:4      | Noticed Natasha
  3321 | D:4      | Killed Pikel
  3321 | D:4      | Reached *** piety under Okawaru
  3322 | D:4      | Reached skill level 3 in Throwing
  3322 | D:4      | Reached XP level 8. HP: 67/67 MP: 4/12
  3567 | D:4      | Killed Natasha
  3706 | D:4      | Noticed Natasha
  3712 | D:4      | Killed Natasha
  3974 | D:4      | Noticed Natasha
  3980 | D:4      | Killed Natasha
  3988 | D:5      | Entered Level 5 of the Dungeon
  4118 | D:5      | Identified the +4 mace "Kiussiar" {vorpal, rC++ Will++
                  | rCorr}
  4230 | D:5      | Reached **** piety under Okawaru
  4734 | D:5      | Reached XP level 9. HP: 73/73 MP: 14/14
  4940 | D:5      | Found a runed translucent door.
  4941 | D:5      | Noticed Crazy Yiuf
  4952 | D:5      | Killed Crazy Yiuf
  5095 | D:6      | Noticed Menkaure
  5109 | D:6      | Killed Menkaure
  5278 | D:6      | Found a staircase to the Ecumenical Temple.
  5331 | D:6      | Reached skill level 4 in Throwing
  5869 | D:6      | Received a gift from Okawaru
  6140 | D:6      | Noticed Duvessa
  6144 | D:6      | Noticed Dowan
  6147 | D:6      | Killed Duvessa
  6153 | D:6      | Killed Dowan
  6237 | D:7      | Found a runed translucent door.
  6239 | D:7      | Noticed hitsuchi's ghost (novice DEIE)
  6309 | D:7      | Reached ***** piety under Okawaru
  6309 | D:7      | Received a gift from Okawaru
  6591 | D:7      | Reached skill level 5 in Invocations
  7790 | D:8      | Reached XP level 10. HP: 80/80 MP: 17/17
  8054 | D:8      | Noticed a red ugly thing
  8081 | D:8      | Killed a red ugly thing
  8082 | D:8      | Reached skill level 5 in Short Blades
  8082 | D:8      | Reached skill level 5 in Long Blades
  8082 | D:8      | Reached skill level 5 in Maces & Flails
  8082 | D:8      | Reached skill level 5 in Polearms
  8082 | D:8      | Reached skill level 5 in Staves
  8082 | D:8      | Reached skill level 5 in Slings
  8082 | D:8      | Reached skill level 5 in Bows
  8082 | D:8      | Reached skill level 5 in Crossbows
  8082 | D:8      | Reached skill level 5 in Throwing
  8082 | D:8      | Reached skill level 5 in Dodging
  8082 | D:8      | Reached skill level 5 in Stealth
  8082 | D:8      | Reached skill level 5 in Unarmed Combat
  8082 | D:8      | Reached skill level 5 in Spellcasting
  8082 | D:8      | Reached skill level 5 in Evocations
  8251 | D:8      | Noticed a centaur warrior
  8267 | D:8      | Killed a centaur warrior
  8362 | D:8      | Noticed a six-headed hydra
  8493 | D:8      | Identified the amulet of Anarchy {Reflect Slay+3 SH+5}
  8510 | D:8      | Noticed a centaur warrior
  8510 | D:8      | Noticed a seven-headed hydra
  8538 | D:8      | Killed a six-headed hydra
  8549 | D:8      | Killed a seven-headed hydra
  8549 | D:8      | Received a gift from Okawaru
  8775 | D:8      | Identified the +12 long sword of the Secret Ears {vamp,
                  | Dex+5}
  8775 | D:8      | Noticed a centaur warrior
  8789 | D:8      | Killed a centaur warrior
  9117 | D:8      | Noticed Grum
  9120 | D:8      | Reached XP level 11. HP: 82/86 MP: 19/19
  9129 | D:8      | Killed Grum
  9144 | D:8      | Received a gift from Okawaru
  9381 | D:8      | Got the Reference Book on Excruciating Evil Magic
  9396 | D:8      | Noticed a cyclops
  9408 | D:8      | Killed a cyclops
  9409 | D:8      | Reached skill level 6 in Throwing
  9416 | D:8      | Killed a centaur warrior
  9417 | D:8      | Reached skill level 5 in Conjurations
  9417 | D:8      | Reached skill level 5 in Hexes
  9417 | D:8      | Reached skill level 5 in Summonings
  9417 | D:8      | Reached skill level 5 in Necromancy
  9417 | D:8      | Reached skill level 5 in Translocations
  9417 | D:8      | Reached skill level 5 in Transmutations
  9417 | D:8      | Reached skill level 5 in Fire Magic
  9417 | D:8      | Reached skill level 5 in Ice Magic
  9417 | D:8      | Reached skill level 5 in Air Magic
  9417 | D:8      | Reached skill level 5 in Earth Magic
  9417 | D:8      | Reached skill level 5 in Poison Magic
  9840 | D:8      | Noticed a two-headed ogre
  9859 | D:8      | Killed a two-headed ogre
  9859 | D:8      | Received a gift from Okawaru
 10982 | D:9      | Noticed a death yak
 11005 | D:9      | Killed a death yak
 11240 | D:9      | Found a staircase to the Lair.
 11545 | D:9      | Noticed a death yak
 11545 | D:9      | Noticed a death yak
 11623 | D:9      | Killed a death yak
 11629 | D:9      | Killed a death yak
 12246 | Lair:1   | Entered Level 1 of the Lair of Beasts
 12601 | Lair:1   | Noticed a six-headed hydra
 12619 | Lair:1   | Killed a six-headed hydra
 12619 | Lair:1   | Received a gift from Okawaru
 12620 | Lair:1   | Reached XP level 12. HP: 82/96 MP: 20/22
 12681 | Lair:1   | Noticed a six-headed hydra
 12704 | Lair:1   | Killed a six-headed hydra
 12705 | Lair:1   | Reached skill level 7 in Throwing
 13374 | Lair:1   | Received a gift from Okawaru
 13779 | Lair:2   | Found a hole to the Spider Nest.
 13831 | Lair:1   | Identified the +2 pair of gloves of Ypugiqidd {*Corrode
                  | rN++ MP+9 Str+2} (Okawaru gifted it to you on level 1 of
                  | the Lair of Beasts)
 13831 | Lair:1   | Received a gift from Okawaru
 14267 | Lair:2   | Noticed Erica
 14565 | Lair:2   | Killed Erica
 14774 | Lair:2   | Found a staircase to the Shoals.
 15032 | Lair:3   | Noticed a death yak
 15032 | Lair:3   | Noticed a death yak
 15032 | Lair:3   | Noticed a death yak
 15032 | Lair:3   | Noticed a death yak
 15033 | Lair:3   | Noticed a death yak
 15034 | Lair:3   | Noticed a death yak
 15054 | Lair:2   | Killed a death yak
 15278 | Lair:2   | Killed a death yak
 15279 | Lair:2   | Reached skill level 10 in Fighting
 15279 | Lair:2   | Reached skill level 10 in Armour
 15279 | Lair:2   | Reached skill level 10 in Shields
 15294 | Lair:2   | Killed a death yak
 15473 | Lair:2   | Killed a death yak
 15486 | Lair:2   | Killed a death yak
 15508 | Lair:2   | Killed a death yak
 15747 | Lair:2   | Identified a scroll of acquirement
 15747 | Lair:2   | Acquired a +11 vorpal broad axe
 15929 | Lair:3   | Reached XP level 13. HP: 88/103 MP: 24/24
 16263 | Lair:3   | Reached skill level 8 in Throwing
 16709 | Lair:3   | Reached ****** piety under Okawaru
 16715 | Lair:3   | Received a gift from Okawaru
 18345 | Lair:4   | Identified the +3 quarterstaff "Bowiaph" {holy, Drain
                  | +Blink Will+ rCorr}
 18671 | Lair:5   | Found a staircase to the Slime Pits.
 18671 | Lair:5   | Found a viscous altar of Jiyva.
 18710 | Lair:5   | Noticed Kirke
 18723 | Lair:5   | Killed Kirke
 18864 | Lair:5   | Received a gift from Okawaru
 18980 | Lair:5   | Identified the +4 long sword of Spite {venom, *Noise Str+8
                  | Dex-2 Stlth+}
 19165 | Lair:5   | Identified the +5 plate armour of the Jackalope {Will++
                  | Str+3} (Okawaru gifted it to you on level 5 of the Lair of
                  | Beasts)
 19165 | Lair:5   | Received a gift from Okawaru
 19893 | Lair:5   | Reached skill level 10 in Axes
 19982 | Lair:6   | Entered Level 6 of the Lair of Beasts
 19990 | Lair:6   | Reached XP level 14. HP: 108/113 MP: 26/26
 20436 | Lair:6   | Reached skill level 9 in Throwing
 20844 | Lair:6   | Reached skill level 10 in Invocations
 20944 | Lair:6   | Identified the +6 longbow of Duty {vorpal, Str+4} (Okawaru
                  | gifted it to you on level 6 of the Lair of Beasts)
 20944 | Lair:6   | Received a gift from Okawaru
 21479 | Lair:6   | Identified the +1 plate armour of Istry {Int+3 Dex+4}
                  | (Okawaru gifted it to you on level 6 of the Lair of Beasts)
 21479 | Lair:6   | Received a gift from Okawaru
 22032 | D:10     | Entered Level 10 of the Dungeon
 22051 | D:10     | Found a flagged portal.
 22059 | Bailey   | Entered a bailey
 22481 | D:10     | Found a staircase to the Orcish Mines.
 23121 | Orc:1    | Entered Level 1 of the Orcish Mines
 23135 | Orc:1    | Reached XP level 15. HP: 100/120 MP: 28/28
 23373 | Orc:2    | Entered Level 2 of the Orcish Mines
 23580 | Orc:1    | Found Gery's Armour Shoppe.
 24050 | Orc:2    | Found a staircase to the Elven Halls.
 24166 | Orc:2    | Found Aphitoinn's Distillery.
 24166 | Orc:2    | Found Gadaeg's Assorted Antiques.
 24389 | Orc:2    | Reached skill level 10 in Short Blades
 24389 | Orc:2    | Reached skill level 10 in Long Blades
 24389 | Orc:2    | Reached skill level 10 in Maces & Flails
 24389 | Orc:2    | Reached skill level 10 in Polearms
 24389 | Orc:2    | Reached skill level 10 in Staves
 24389 | Orc:2    | Reached skill level 10 in Slings
 24389 | Orc:2    | Reached skill level 10 in Bows
 24389 | Orc:2    | Reached skill level 10 in Crossbows
 24389 | Orc:2    | Reached skill level 10 in Throwing
 24389 | Orc:2    | Reached skill level 10 in Dodging
 24389 | Orc:2    | Reached skill level 10 in Stealth
 24389 | Orc:2    | Reached skill level 10 in Unarmed Combat
 24389 | Orc:2    | Reached skill level 10 in Spellcasting
 24389 | Orc:2    | Reached skill level 10 in Evocations
 24439 | Orc:2    | Identified the +11 shortbow "Dinasas" {speed, rCorr Int-5
                  | Dex+6 SInv} (Okawaru gifted it to you on level 2 of the
                  | Orcish Mines)
 24439 | Orc:2    | Received a gift from Okawaru
 24799 | Orc:2    | Found Voiweyvo's Armour Emporium.
 24805 | Orc:2    | Bought a potion of heal wounds for 60 gold pieces
 24805 | Orc:2    | Bought a potion of curing for 36 gold pieces
 24805 | Orc:2    | Bought a potion of berserk rage for 60 gold pieces
 24805 | Orc:2    | Bought a potion of curing for 36 gold pieces
 24810 | Orc:2    | Bought a scroll of enchant armour for 195 gold pieces
 24872 | Orc:2    | Found Heytu's Assorted Antiques.
 24880 | Orc:2    | Bought a potion of curing for 78 gold pieces
 24880 | Orc:2    | Bought a scroll of enchant armour for 195 gold pieces
 24880 | Orc:2    | Bought a fuming sapphire potion for 23 gold pieces
 25214 | D:11     | Found a portal to a secret trove of treasure.
 25541 | D:11     | Noticed Urug
 25550 | D:11     | Killed Urug
 26295 | D:12     | Identified the +1 chain mail of Egushrao {rElec Regen+}
                  | (Okawaru gifted it to you on level 12 of the Dungeon)
 26295 | D:12     | Received a gift from Okawaru
 27499 | D:13     | Noticed Snorg
 27509 | D:13     | Killed Snorg
 27634 | D:13     | Identified the +3 chain mail of Qazlal's Generosity {rPois
                  | Will+ Regen+}
 28098 | D:14     | Noticed Frances
 28106 | D:14     | Killed Frances
 28202 | D:14     | Noticed Agnes
 28217 | D:14     | Killed Agnes
 28218 | D:14     | Reached XP level 16. HP: 70/128 MP: 10/30
 28225 | D:14     | Noticed Jorgrun
 28237 | D:14     | Killed Jorgrun
 28268 | D:14     | Received a gift from Okawaru
 29675 | D:14     | Found a gate to the Vaults.
 29738 | D:15     | Entered Level 15 of the Dungeon
 29754 | D:15     | Reached skill level 11 in Throwing
 30143 | D:15     | Received a gift from Okawaru
 30204 | D:15     | Found a staircase to the Depths.
 31457 | Spider:1 | Entered Level 1 of the Spider Nest
 31505 | Spider:1 | You fall into a shaft and drop 1 floor!
 31533 | Spider:2 | HP: 1/129 [disintegration (19)]
 31536 | Arena    | Entered the Arena
 32140 | Spider:1 | Received a gift from Okawaru
 32321 | Spider:1 | Reached XP level 17. HP: 121/136 MP: 32/32
 32488 | Spider:1 | Received a gift from Okawaru
 32639 | Spider:1 | Learned a level 3 spell: Mephitic Cloud
 32643 | Spider:1 | Learned a level 3 spell: Inner Flame
 33978 | Spider:2 | Learned a level 2 spell: Blink
 35107 | Spider:3 | Identified the -4 tower shield of Duty {rC- Int+5} (Okawaru
                  | gifted it to you on level 3 of the Spider Nest)
 35107 | Spider:3 | Received a gift from Okawaru
 35292 | Spider:3 | Reached skill level 10 in Conjurations
 35292 | Spider:3 | Reached skill level 10 in Hexes
 35292 | Spider:3 | Reached skill level 10 in Summonings
 35292 | Spider:3 | Reached skill level 10 in Necromancy
 35292 | Spider:3 | Reached skill level 10 in Translocations
 35292 | Spider:3 | Reached skill level 10 in Transmutations
 35292 | Spider:3 | Reached skill level 10 in Fire Magic
 35292 | Spider:3 | Reached skill level 10 in Ice Magic
 35292 | Spider:3 | Reached skill level 10 in Air Magic
 35292 | Spider:3 | Reached skill level 10 in Earth Magic
 35292 | Spider:3 | Reached skill level 10 in Poison Magic
 36004 | Spider:4 | Entered Level 4 of the Spider Nest
 36643 | Spider:4 | Reached skill level 12 in Throwing
 37330 | Spider:4 | Reached XP level 18. HP: 137/144 MP: 18/34
 37583 | Spider:4 | Identified the +6 quarterstaff of Foolhardiness {antimagic,
                  | rN+ Will+ Int+2 Dex-4} (Okawaru gifted it to you on level 4
                  | of the Spider Nest)
 37583 | Spider:4 | Received a gift from Okawaru
 37869 | Spider:4 | Identified the +1 pair of gloves "Huphich" {rC+ rN+}
 37928 | Spider:4 | Got a gossamer rune of Zot
 38380 | Elf:1    | Entered Level 1 of the Elven Halls
 38762 | Elf:1    | Identified the +0 hat "Vicsy" {rElec rPois Str+2} (Okawaru
                  | gifted it to you on level 1 of the Elven Halls)
 38762 | Elf:1    | Received a gift from Okawaru
 38804 | Elf:1    | Identified the +0 pair of gloves of Rationality {rCorr
                  | Dex+3 Slay-2}
 38804 | Elf:1    | Noticed Nikola
 38823 | Elf:1    | Killed Nikola
 40612 | Shoals:1 | Entered Level 1 of the Shoals
 40907 | Shoals:1 | Noticed Louise
 40935 | Shoals:1 | Killed Louise
 41229 | Shoals:1 | Identified the +0 robe "Pous Avu" {Contam rF+++ MP-9
                  | Stlth+} (Okawaru gifted it to you on level 1 of the Shoals)
 41229 | Shoals:1 | Received a gift from Okawaru
 41252 | Shoals:1 | Found a runed translucent gate.
 41253 | Shoals:1 | Found a runed translucent gate.
 41253 | Shoals:1 | Noticed Mlioglotl
 41254 | Shoals:1 | Found a runed translucent gate.
 41268 | Shoals:1 | Killed Mlioglotl
 41317 | Shoals:1 | Reached XP level 19. HP: 120/152 MP: 35/35
 41685 | Shoals:1 | Found Taomaaz's Tempting Trifles.
 41700 | Shoals:1 | Bought a scroll of teleportation for 51 gold pieces
 41700 | Shoals:1 | Bought a manual of Throwing for 1360 gold pieces
 42166 | Shoals:2 | Found a frozen archway.
 42192 | IceCv    | Entered an ice cave
 42375 | IceCv    | Reached skill level 13 in Throwing
 42796 | IceCv    | Learned a level 5 spell: Freezing Cloud
 42801 | IceCv    | Learned a level 4 spell: Dispel Undead
 42910 | IceCv    | Found an ancient bone altar of Kikubaaqudgha.
 42961 | IceCv    | Identified the +2 ice dragon scales "Qishrami" {Drain Fly
                  | rF- rC++ Str+7}
 43781 | Shoals:2 | Identified the +0 pair of boots of the Old World {Contam
                  | +Blink Int+4 Slay+2} (Okawaru gifted it to you on level 2
                  | of the Shoals)
 43781 | Shoals:2 | Received a gift from Okawaru
 46131 | Shoals:4 | Entered Level 4 of the Shoals
 46201 | Shoals:4 | HP: 1/154 [water nymph/the raging water (30)]
 46212 | Shoals:4 | Reached skill level 14 in Throwing
 46909 | Shoals:4 | Reached XP level 20. HP: 83/161 MP: 37/37
 46925 | Shoals:4 | Received a gift from Okawaru
 47293 | Shoals:4 | Found a runed translucent gate.
 47293 | Shoals:4 | Found a runed translucent gate.
 47293 | Shoals:4 | Found a runed translucent gate.
 47294 | Shoals:4 | Noticed Omnilove's ghost (journeyman MiBe)
 47321 | Shoals:4 | Killed Omnilove's ghost
 47331 | Shoals:4 | Reached skill level 15 in Fighting
 47331 | Shoals:4 | Reached skill level 15 in Armour
 47331 | Shoals:4 | Reached skill level 15 in Shields
 47331 | Shoals:4 | Reached XP level 21. HP: 168/168 MP: 34/38
 47459 | Shoals:4 | Got a barnacled rune of Zot
 47609 | Shoals:4 | Identified the +7 flail "Uquucuuj" {drain, Int+3}
 48133 | Shoals:4 | Received a gift from Okawaru
 48336 | Shoals:4 | Identified the +8 plate armour of Shrieking Creativity
                  | {MP-9 Str+3 Int+3}
 48389 | Shoals:4 | Found the +18 shield of the Gong {rElec rN+ Will+ EV-5}
 48784 | Vaults:1 | Entered Level 1 of the Vaults
 49608 | Vaults:1 | Found Lem Ery's Assorted Antiques.
 49616 | Vaults:1 | Bought a potion of mutation for 224 gold pieces
 49718 | Vaults:1 | Found Tiupn's Jewellery Shop.
 49759 | Vaults:1 | Received a gift from Okawaru
 49768 | Vaults:1 | Reached skill level 15 in Invocations
 50340 | Vaults:1 | Identified the +11 crystal plate armour of the Cockroach
                  | {rC+ rN+ Int-2 Stlth+} (Okawaru gifted it to you on level 1
                  | of the Vaults)
 50340 | Vaults:1 | Received a gift from Okawaru
 50428 | Vaults:1 | Reached skill level 15 in Throwing
 50943 | Vaults:1 | Found Saer's Weapon Shoppe.
 51653 | Arena    | Entered the Arena
 52809 | Vaults:2 | Received a gift from Okawaru
 53031 | Vaults:2 | Reached XP level 22. HP: 176/176 MP: 37/40
 53044 | Vaults:2 | Learned a level 3 spell: Ozocubu's Armour
 53098 | Vaults:2 | Reached skill level 15 in Axes
 53118 | Vaults:2 | Received a gift from Okawaru
 53372 | Vaults:2 | Identified the +1 pair of gloves of Tiutz {Will+} (Okawaru
                  | gifted it to you on level 2 of the Vaults)
 53372 | Vaults:2 | Received a gift from Okawaru
 53417 | Vaults:2 | Reached skill level 16 in Throwing
 53819 | Vaults:2 | Identified the ring of Ymeig {Wiz rElec Str+4}
 53846 | Vaults:2 | Got the Tome of Nocuous Feathers
 54897 | Vaults:3 | Noticed Xtahua
 54901 | Arena    | Entered the Arena
 54908 | Arena    | Killed Xtahua
 55005 | Vaults:3 | Received a gift from Okawaru
 55684 | Vaults:3 | Learned a level 5 spell: Borgnjor's Vile Clutch
 55833 | Vaults:3 | Found a huge runed gate.
 55833 | Vaults:3 | Found a huge runed gate.
 55833 | Vaults:3 | Found a huge runed gate.
 55833 | Vaults:3 | Found a huge runed gate.
 55833 | Vaults:3 | Found a huge runed gate.
 55833 | Vaults:3 | Found a huge runed gate.
 55834 | Vaults:3 | Found a huge runed gate.
 55834 | Vaults:3 | Found a huge runed gate.
 55834 | Vaults:3 | Found a huge runed gate.
 55834 | Vaults:3 | Found a huge runed gate.
 55834 | Vaults:3 | Found a huge runed gate.
 55835 | Vaults:3 | Found a huge runed gate.
 55836 | Vaults:3 | Found a huge runed gate.
 55836 | Vaults:3 | Found a huge runed gate.
 55837 | Vaults:3 | Found a huge runed gate.
 55838 | Vaults:3 | Found a huge runed gate.
 55839 | Vaults:3 | Found a huge runed gate.
 55847 | Vaults:3 | Found a huge runed gate.
 55847 | Vaults:3 | Found a huge runed gate.
 55847 | Vaults:3 | Found a huge runed gate.
 55847 | Vaults:3 | Found a huge runed gate.
 55847 | Vaults:3 | Found a huge runed gate.
 55847 | Vaults:3 | Found a huge runed gate.
 55848 | Vaults:3 | Found a huge runed gate.
 55849 | Vaults:3 | Found a huge runed gate.
 55850 | Vaults:3 | Found a huge runed gate.
 55858 | Vaults:3 | Found a huge runed gate.
 55858 | Vaults:3 | Found a huge runed gate.
 55858 | Vaults:3 | Found a huge runed gate.
 55858 | Vaults:3 | Found a huge runed gate.
 55858 | Vaults:3 | Found a huge runed gate.
 55858 | Vaults:3 | Found a huge runed gate.
 55859 | Vaults:3 | Found a huge runed gate.
 56412 | Vaults:3 | Identified the ring of Zin's Condemnation {Str+3 Slay+4}
 56635 | Vaults:3 | Reached skill level 15 in Short Blades
 56635 | Vaults:3 | Reached skill level 15 in Long Blades
 56635 | Vaults:3 | Reached skill level 15 in Maces & Flails
 56635 | Vaults:3 | Reached skill level 15 in Polearms
 56635 | Vaults:3 | Reached skill level 15 in Staves
 56635 | Vaults:3 | Reached skill level 15 in Slings
 56635 | Vaults:3 | Reached skill level 15 in Bows
 56635 | Vaults:3 | Reached skill level 15 in Crossbows
 56635 | Vaults:3 | Reached skill level 15 in Dodging
 56635 | Vaults:3 | Reached skill level 15 in Stealth
 56635 | Vaults:3 | Reached skill level 15 in Unarmed Combat
 56635 | Vaults:3 | Reached skill level 15 in Spellcasting
 56635 | Vaults:3 | Reached skill level 15 in Evocations
 56644 | Vaults:3 | Reached XP level 23. HP: 172/184 MP: 42/42
 57164 | Vaults:3 | Found a staircase to the Crypt.
 57180 | Vaults:3 | Identified the +1 arbalest "Concordance" {freeze, rC++
                  | Stlth-}
 57295 | Vaults:3 | Reached skill level 17 in Throwing
 57759 | Vaults:4 | Received a gift from Okawaru
 58386 | Vaults:4 | Noticed Mara
 58399 | Vaults:4 | Killed Mara
 59008 | Vaults:4 | Identified the +3 cloak "Duowunia" {rElec Int+2 Dex-4 SInv}
                  | (Okawaru gifted it to you on level 4 of the Vaults)
 59008 | Vaults:4 | Received a gift from Okawaru
 59495 | Vaults:4 | Noticed a golden dragon
 59511 | Vaults:4 | Killed a golden dragon
 60002 | Depths:1 | Entered Level 1 of the Depths
 60004 | Depths:1 | Noticed Sojobo
 60939 | Elf:2    | Reached skill level 15 in Necromancy
 60943 | Elf:2    | Paralysed by an air elemental for 1 turns
 61258 | Elf:2    | Identified Roxanne's Volume of Clay
 61258 | Elf:2    | Noticed Roxanne
 61272 | Elf:2    | Killed Roxanne
 61611 | Elf:2    | Found a runed translucent gate.
 61611 | Elf:2    | Found a runed translucent gate.
 61616 | Elf:2    | Found a runed translucent gate.
 61995 | Elf:2    | Reached skill level 18 in Throwing
 61995 | Elf:2    | Reached XP level 24. HP: 169/193 MP: 42/42
 62519 | Elf:3    | Entered Level 3 of the Elven Halls
 62610 | Elf:3    | Received a gift from Okawaru
 62775 | Elf:3    | Found Tyngupn's Book Emporium.
 62919 | Elf:3    | Killed from afar by a deep elf high priest

Illustrated notes

Levels and vault maps discovered:
D:1:      ebering_hopf_link, layout_rooms, shapermc_ecumenical_altar_acropolis
D:2:      layout_basic, basic_altar, minmay_hedge_maze
D:3:      kennysheep_six_static_rooms, layout_rooms, minivault_27, minivault_25,
          serial_park_tiny_1, minmay_misc_feat_rugged,
          chequers_serial_rivers_micro_b, uniq_sigmund, uniq_grinder
D:4:      minmay_evil_eye, layout_basic, marbit_many_paths,
          small_statue_alley_b, uniq_pikel, uniq_robin, uniq_natasha
D:5:      layout_rooms, uniq_crazy_yiuf_cottage
D:6:      layout_gridville, minmay_temple_entry_butterflies, uniq_duvessa,
          uniq_menkaure
D:7:      layout_gridville, ebering_ghost_inner_flame
D:8:      minmay_the_grid_four_pointed_star
          [minmay_the_grid_triangle_9x9_windchime,
          minmay_the_grid_triangle_9x9_odd_lines,
          minmay_the_grid_triangle_9x9_zippers_vertical,
          minmay_the_grid_triangle_9x9_corruption,
          minmay_the_grid_prize_four_corners_diamond_a], layout_loops_corners,
          grunt_decor_one_mirror, nicolae_wwwww, uniq_grum
D:9:      layout_irregular_city, dpeg_lair_monsters
D:10:     layout_cave_pools, minmay_orc_entry_temple_small, enter_bailey_7
D:11:     layout_irregular_city, nicolae_trove_entry_crystal, uniq_urug
D:12:     layout_basic, special_room [special_room_orc]
D:13:     layout_cave_pools, uniq_snorg
D:14:     layout_cave_pools, grunt_vaults_entry_fortified,
          chequers_hall_statues_corner_a, uniq_frances, uniq_jorgrun, uniq_agnes
D:15:     grunt_enter_depths_hoard, layout_irregular_city
Lair:1:   layout_cave_pods, serial_bayou_shore_b
Lair:2:   layout_big_grid, shoals_dummy_entry, spider_nest_entry_rubble,
          uniq_erica
Lair:3:   layout_gridlike, minmay_lair_oklob_items, lemuel_fruit_tree,
          grunt_megastairs_3
Lair:4:   layout_hall_layers
Lair:5:   layout_cave_pods, slime_altar_1, uniq_kirke
Lair:6:   minmay_lair_end_enchanted_forest, layout_layer_cave,
          grunt_megastairs_1, infiniplex_staircase_pool
Shoals:1: layout_shoals, nicolae_alphabet_shops, nicolae_shoals_beach_cooler,
          uniq_mlioglotl, uniq_louise
Shoals:2: cheibrodos_shoals_oceanic_diplomacy, layout_shoals,
          portal_ice_cave_entry_frozen_things
Shoals:3: layout_shoals
Shoals:4: shoals_end_hangedman, layout_shoals, gammafunk_ghost_necromancy
Spider:1: layout_spider_delve, nicolae_spider_checkerboard
Spider:2: layout_spider_delve
Spider:3: layout_cave_pods
Spider:4: spider_rune_water, drop_trap, nicolae_spider_bug_shape
Orc:1:    layout_diamond_mine, serial_shops, nicolae_shop_hallway_plus
Orc:2:    st_orc_open, layout_diamond_mine
Elf:1:    eino_elf_arrival_sip, layout_geoelf_diagonals,
          hangedman_elven_crosses_minicolossus, hangedman_decor_cross_pass,
          uniq_nikola
Elf:2:    elven_hall_of_blades_hangedman_original
          [nicolae_vaults_blade_armed_guards], layout_loops_ring, uniq_roxanne
Elf:3:    minmay_elf_hall_hex, layout_loops_corners, serial_shops,
          nicolae_shop_trees
Vaults:1: nicolae_vaults_twisting_passages, ontoclasm_vaults_spin,
          hangedman_vaults_stitches, hangedman_vaults_unwind, v_alt_pattern_2,
          ontoclasm_vaults_twist, nicolae_vaults_border_crossing, st_cross,
          ontoclasm_vaults_gateway, nicolae_vaults_circle_grid_a,
          vaults_room_pools, v_misc_16, ontoclasm_vaults_misaligned,
          nicolae_vaults_little_squares_4, layout_vaults_omnicross,
          serial_shops, nicolae_shop_overgrown_old_shop, shop, shop
Vaults:2: hangedman_vaults_locks, st_greater_box_2, hangedman_vaults_river_flow,
          v_misc_30, grunt_vaults_diagonal, nicolae_vaults_asterisk,
          vaults_dpeg_encased_lava, nicolae_vaults_stairing_the_circle,
          hangedman_vaults_corner_blocks, v_pattern_3,
          nicolae_vaults_mini_display_case, layout_vaults_omnibox
Vaults:3: minmay_crypt_entry_simple_plaza, ontoclasm_vaults_chip, v_misc_2,
          nicolae_vaults_yaktaur_gun_rack, v_misc_19,
          grunt_vaults_hallway_short, grunt_vaults_twisty,
          hangedman_vaults_corner, v_alt_pattern_6, vaults_room_stairs_pillars,
          door_vault, layout_vaults_big_room, uniq_xtahua
Vaults:4: serial_ice_b, vaults_mumra_hex, hangedman_vaults_snaps,
          nicolae_vaults_diagonal_hallway_7, nicolae_vaults_network_s,
          nicolae_vaults_minivaults, nicolae_vaults_what_the_h,
          vaults_room_large_hall, vaults_standard_mumra_lines,
          nicolae_vaults_ninety_degrees, ontoclasm_vaults_fault,
          grunt_vaults_hallway_long, ontoclasm_vaults_decontamination,
          v_misc_17, vaults_dpeg_diagonal, layout_vaults_maze, uniq_mara
Depths:1: layout_roguey [special_room_morgue], hellmouth_3,
          nicolae_twisting_strands, slow_altar_2, serial_bayou_shore_b,
          uniq_sojobo

Skill      XL: |  1  2  3  4  5  6  7  8  9 10 11 12 13 14 15 16 17 18 19 20 21 22 23 24 |
---------------+-------------------------------------------------------------------------+-----
Short Blades   | 1 2 3 4 5 6 7 8 9 10 11 12 13 14 15 | 15.7
Long Blades    | 1 2 3 4 5 6 7 8 9 10 11 12 13 14 15 | 15.7
Maces & Flails | 1 2 3 4 5 6 7 8 9 10 11 12 13 14 15 | 15.7
Polearms       | 1 2 3 4 5 6 7 8 9 10 11 12 13 14 15 | 15.7
Staves         | 1 2 3 4 5 6 7 8 9 10 11 12 13 14 15 | 15.7
Slings         | 1 2 3 4 5 6 7 8 9 10 11 12 13 14 15 | 15.7
Bows           | 1 2 3 4 5 6 7 8 9 10 11 12 13 14 15 | 15.7
Crossbows      | 1 2 3 4 5 6 7 8 9 10 11 12 13 14 15 | 15.7
Throwing       | 1 2 3 4 5 6 7 8 9 10 11 12 14 15 16 18 | 18.1
Dodging        | 1 2 3 4 5 6 7 8 9 10 11 12 13 14 15 | 15.7
Stealth        | 1 2 3 4 5 6 7 8 9 10 11 12 13 14 15 | 15.7
Unarmed Combat | 1 2 3 4 5 6 7 8 9 10 11 12 13 14 15 | 15.7
Spellcasting   | 1 2 3 4 5 6 7 8 9 10 11 12 13 14 15 | 15.7
Conjurations   | 1 2 3 4 5 6 7 8 9 10 11 12 13 | 13.4
Hexes          | 1 2 3 4 5 6 7 8 9 10 11 12 13 | 13.4
Summonings     | 1 2 3 4 5 6 7 8 9 10 11 12 13 | 13.4
Necromancy     | 1 2 3 4 5 6 7 8 9 10 11 12 13 14 15 | 15.3
Translocations | 1 2 3 4 5 6 7 8 9 10 11 12 13 | 13.4
Transmutations | 1 2 3 4 5 6 7 8 9 10 11 12 13 | 13.4
Fire Magic     | 1 2 3 4 5 6 7 8 9 10 11 12 13 | 13.4
Ice Magic      | 1 2 3 4 5 6 7 8 9 10 11 12 13 | 13.4
Air Magic      | 1 2 3 4 5 6 7 8 9 10 11 12 13 | 13.4
Earth Magic    | 1 2 3 4 5 6 7 8 9 10 11 12 13 | 13.4
Poison Magic   | 1 2 3 4 5 6 7 8 9 10 11 12 13 | 13.4
Invocations    | 1 2 3 4 5 6 7 8 9 10 11 12 13 14 15 16 17 | 17.1
Evocations     | 1 2 3 4 5 6 7 8 9 10 11 12 13 14 15 | 15.7
Axes           | 5 6 7 8 9 10 11 12 13 14 15 16 | 16.3
Fighting       | 7 8 9 10 11 12 13 14 15 16 | 16.9
Armour         | 7 8 9 10 11 12 13 14 15 16 | 16.9
Shields        | 7 8 9 10 11 12 13 14 15 16 | 16.9

Action                   |  1- 3 |  4- 6 |  7- 9 | 10-12 | 13-15 | 16-18 | 19-21 | 22-24 || total
-------------------------+-------+-------+-------+-------+-------+-------+-------+-------++-------
Melee: War axe           |    27 |       |       |       |       |       |       |       ||    27
       Long sword        |    32 |    71 |   132 |       |       |       |       |       ||   235
       Bite              |     2 |     7 |    30 |    95 |   138 |   175 |   156 |   149 ||   752
       Mace              |       |       |   171 |   588 |    77 |     6 |       |       ||   842
       Flail             |       |       |    14 |       |       |       |       |       ||    14
       Broad axe         |       |       |       |    26 |   853 |  1160 |  1055 |   805 ||  3899
       Demon trident     |       |       |       |       |       |       |       |    13 ||    13
 Fire: Hunting sling     |       |       |    62 |       |       |       |       |       ||    62
Throw: Dart              |       |       |       |     3 |       |       |       |       ||     3
 Cast: Mephitic Cloud    |       |       |       |       |       |     8 |    33 |    56 ||    97
       Blink             |       |       |       |       |       |     1 |       |     2 ||     3
       Freezing Cloud    |       |       |       |       |       |       |     5 |     6 ||    11
       Dispel Undead     |       |       |       |       |       |       |     1 |       ||     1
       Inner Flame       |       |       |       |       |       |       |     1 |       ||     1
       Borgnjor's Vile C |       |       |       |       |       |       |       |    10 ||    10
       Ozocubu's Armour  |       |       |       |       |       |       |       |     3 ||     3
Invok: Heroism           |       |       |     2 |     6 |     1 |     3 |     2 |     3 ||    17
       Finesse           |       |       |       |     4 |     1 |     2 |     2 |     3 ||    12
       Duel              |       |       |       |       |       |     1 |     1 |     1 ||     3
Evoke: Tin of tremorston |       |       |       |       |     1 |     1 |       |       ||     2
       Wand              |       |       |       |       |       |     3 |       |     2 ||     5
  Use: Potion            |     1 |       |     2 |     7 |       |     4 |     5 |     3 ||    22
       Scroll            |       |       |     6 |     3 |     9 |     9 |     5 |     7 ||    39
 Stab: Petrified         |       |       |       |       |     2 |       |       |       ||     2
       Distracted        |       |       |       |       |     1 |       |     1 |       ||     2
       Confused          |       |       |       |       |       |     5 |    11 |    20 ||    36
       Sleeping          |       |       |       |       |       |     1 |     2 |       ||     3
Armor: Plate armour      |    30 |    34 |   228 |   242 |   492 |   546 |   331 |       ||  1903
       Scale mail        |     2 |       |       |       |       |       |       |       ||     2
       Skin              |       |       |     5 |       |       |       |       |       ||     5
       Crystal plate arm |       |       |       |       |       |       |    77 |   348 ||   425
Dodge: Dodged            |    13 |    14 |    86 |   206 |   506 |   548 |   468 |   259 ||  2100
Block: Buckler           |    20 |     2 |       |       |       |       |       |       ||    22
       Kite shield       |       |    31 |   255 |   532 |  1047 |  1107 |  1112 |   642 ||  4726
       Reflection        |       |       |       |     2 |    50 |    48 |    78 |    49 ||   227
